 Dungeon Crawl Stone Soup version 0.22-a0-433-gd2a9cce (webtiles) character file.

3810 KristoblXynda the Grappler (level 9, -4/74 HPs)
             Began as a Troll Wizard on May 28, 2018.
             Was a Follower of Ashenzari.
             Slain by a seven-headed hydra (10 damage)
             ... on level 8 of the Dungeon.
             The game lasted 00:13:58 (5757 turns).

KristoblXynda the Grappler (Troll Wizard)           Turns: 5757, Time: 00:13:59

Health: -4/74      AC:  7    Str: 17    XL:     9   Next: 96%
Magic:  11/11      EV: 15    Int: 17    God:    Ashenzari [*.....]
Gold:   353        SH:  0    Dex: 13    Spells: 2/12 levels left

rFire    . . .     SeeInvis .   e - +0 whip (flame)
rCold    . . .     Gourm    +   (no shield)
rNeg     . . .     Faith    .   a - +0 robe
rPois    .         Spirit   .   b - +1 hat (curse)
rElec    .         Reflect  .   k - +0 cloak
rCorr    .         Harm     .   (gloves unavailable)
MR       .....                  (boots unavailable)
Stlth    +++.......             (no amulet)
HPRegen  0.62/turn              p - ring of flight
MPRegen  0.12/turn              (no ring)

@: agile, about to teleport
A: large, unfitting armour, claws 3, fast metabolism 3, gourmand, regeneration
1, shaggy fur 1, tough skin 2
a: Curse Item, Scrying, Renounce Religion, Evoke Flight


You were on level 8 of the Dungeon.
You worshipped Ashenzari.
Ashenzari was aware of your devotion.
You were completely stuffed.

You visited 2 branches of the dungeon, and saw 9 of its levels.
You also visited: Sewer.

You collected 353 gold pieces.

Inventory:

Hand Weapons
 e - a +0 whip of flaming (weapon)
Armour
 a - a +0 robe (worn)
 b - a cursed +1 hat (worn)
 k - a +0 cloak (worn)
Jewellery
 p - a ring of flight (left claw)
 v - a cursed ring of fire
Wands
 o - a wand of digging (13)
Scrolls
 c - a scroll of immolation
 h - 2 scrolls of fog
 j - 2 scrolls of teleportation
 m - 2 scrolls of enchant armour
 n - 2 scrolls of magic mapping
 s - 7 scrolls of remove curse
 x - a scroll of identify
Potions
 f - 2 potions of haste
 g - 2 potions of curing
 i - a potion of mutation
 l - a potion of berserk rage {unknown}
 q - 2 potions of might
 r - 3 potions of flight
 t - a potion of magic {unknown}
 w - a potion of brilliance {unknown}
Comestibles
 d - 12 rations
 u - 3 chunks of flesh


   Skills:
 - Level 1.5 Dodging
 - Level 1.0 Stealth
 * Level 10.1 Unarmed Combat
 - Level 2.0 Spellcasting
 * Level 7.8 Conjurations
   Level 0.6 Summonings
   Level 0.6 Translocations


You had 2 spell levels left.
You knew the following spells:

 Your Spells              Type           Power        Failure   Level  Hunger
a - Magic Dart            Conj           ####         1%          1    #......
b - Mephitic Cloud        Conj/Pois/Air  ##......     21%         3    ###....
c - Freezing Cloud        Conj/Ice/Air   ##........   100%        6    #######

Your spell library contained the following spells:

 Spells                   Type           Power        Failure   Level  Hunger
 Conjure Flame            Conj/Fire      ###.....     12%         3    ###....
 Slow                     Hex            #.......     28%         2    ###....
 Ring of Flames           Chrm/Fire      #.........   100%        7    #######
 Blink                    Tloc           N/A          22%         2    ###....
 Call Imp                 Summ           #.......     22%         2    ###....
 Spider Form              Tmut/Pois      #.........   50%         3    ###....
 Blade Hands              Tmut           #.........   99%         5    ######.
 Ice Form                 Ice/Tmut       #.......     88%         4    #####..
 Sticks to Snakes         Tmut           #.......     28%         2    ###....
 Beastly Appendage        Tmut           #.....       19%         1    #......
 Poisonous Vapours        Pois/Air       #.....       28%         2    ###....


Dungeon Overview and Level Annotations

Branches:
Dungeon (8/15)             Temple (1/1) D:4
   Lair: D:8-11

Altars:
Ashenzari
Cheibriados
Dithmenos
Elyvilon
Fedhas
Gozag
Hepliaklqana
Kikubaaqudgha
Makhleb
Nemelex Xobeh
Okawaru
Qazlal
Ru
Sif Muna
Trog
Uskayaw
Vehumet
Wu Jian
Xom
Yredelemnul
Zin
The Shining One

Shops:
D:6 }


Innate Abilities, Weirdness & Mutations

You are too large for most types of armour.
You have claws for hands.
Your metabolism is lightning-fast.
You like to eat raw meat.
Your natural rate of healing is unusually fast.
You are covered in fur. (AC +1)
You have very tough skin. (AC +2)


Message History

The seven-headed hydra bites you.
The seven-headed hydra barely misses you. x2
Unknown command.
You barely miss the seven-headed hydra. The seven-headed hydra bites you!
The seven-headed hydra completely misses you.
The seven-headed hydra bites you!
The seven-headed hydra closely misses you.
The seven-headed hydra misses you. The seven-headed hydra bites you!
* * * LOW HITPOINT WARNING * * *
The seven-headed hydra closely misses you.
As you read the scroll of teleportation, it crumbles to dust.
You feel strangely unstable.
The seven-headed hydra bites you but does no damage.
The seven-headed hydra misses you.
The seven-headed hydra bites you but does no damage.
The seven-headed hydra barely misses you.
The seven-headed hydra bites you!
* * * LOW HITPOINT WARNING * * *
The seven-headed hydra bites you!
You die...

.... #.# #..#..##..#..##..#..#
....# #.# #..##..#..#..#..##..#
....# #.# ##..#..##...##..#..##
....###.#####..##..#...#..##..#
...........###..#..##.##..#..###
....###.#### #..##..#[#..##..#)#
....# #.# # ##..#..###..#..##.#
....# #.# #. #..##..#..##..#..#
....# #.# #..##@.#..#..#..##..#
#..## #.# #...D..##...##......#
#..####.############...#########
#)).....................#
##)##..######.#########....
#)##..# ..# ####.# #)#...# #.#
#.#...#######.#####
#.##....##.<......#


You could see a seven-headed hydra.

Vanquished Creatures
  The ghost of KristoblXynda the Ruffian, a novice TrWz (D:6)
  Pikel (D:4)
  A hippogriff (D:8)
  Sigmund (D:2)
  A hungry ghost (D:6)
  An ice beast (D:7)
  A sky beast (D:8)
  A slave (Temple)
  The ghost of Kairos the Chopper, an amateur DDMo (D:3)
  2 centaurs
  5 ogres
  3 big kobolds (Sewer)
  2 bullfrogs
  A scorpion (D:6)
  A water moccasin skeleton (D:8)
  2 howler monkeys
  6 crimson imps
  A quasit (D:6)
  2 orc priests
  4 hounds (D:4)
  2 centaur skeletons
  Crazy Yiuf (D:6)
  3 orc wizards
  Jessica (D:2)
  Terence (D:2)
  2 iguanas
  A killer bee zombie (D:5)
  3 worker ants
  A hound skeleton (D:4)
  A worker ant zombie (D:6)
  17 adders
  A river rat (Sewer)
  2 shadow imps
  An adder zombie (D:8)
  2 adder skeletons
  5 worms
  7 leopard geckos
  19 orcs
  5 ball pythons
  3 giant cockroaches
  6 goblins
  9 hobgoblins
  16 jackals
  8 quokkas
  7 bats
  3 frilled lizards
  A goblin skeleton (D:6)
  A goblin zombie (D:6)
  4 hobgoblin zombies (D:6)
  12 kobolds
  A kobold skeleton (D:6)
  2 orc skeletons (D:6)
  2 quokka skeletons
  6 rats
194 creatures vanquished.

Vanquished Creatures (others)
  An iguana (D:4)
  A worker ant (D:4)
2 creatures vanquished.

Grand Total: 196 creatures vanquished

Notes
Turn   | Place    | Note
-------+----------+-------------------------------------------
     0 | D:1      | KristoblXynda the Troll Wizard began the quest for the Orb.
     0 | D:1      | Reached XP level 1. HP: 16/16 MP: 2/2
    75 | D:1      | Reached skill level 1 in Conjurations
   124 | D:1      | Reached skill level 1 in Unarmed Combat
   131 | D:1      | Reached XP level 2. HP: 5/24 MP: 4/4
   849 | D:2      | Reached XP level 3. HP: 26/31 MP: 5/5
   886 | D:2      | Noticed Terence
   914 | D:2      | Killed Terence
   914 | D:2      | Reached skill level 2 in Unarmed Combat
   963 | D:2      | Reached XP level 4. HP: 33/39 MP: 6/6
  1113 | D:2      | Noticed Jessica
  1123 | D:2      | Killed Jessica
  1154 | D:2      | Noticed Sigmund
  1196 | D:2      | Killed Sigmund
  1196 | D:2      | Reached skill level 4 in Unarmed Combat
  1196 | D:2      | Reached XP level 5. HP: 31/45 MP: 7/7
  1196 | D:2      | Reached XP level 6. HP: 37/53 MP: 8/8
  1879 | D:3      | Noticed Kairos's ghost (amateur DDMo)
  1897 | D:3      | Killed Kairos's ghost
  1978 | D:3      | Learned a level 3 spell: Mephitic Cloud
  2306 | D:4      | Found a glowing drain.
  2324 | Sewer    | Entered a sewer
  2424 | Sewer    | Reached skill level 5 in Unarmed Combat
  2434 | Sewer    | Reached XP level 7. HP: 59/59 MP: 9/9
  2718 | D:4      | Reached skill level 6 in Unarmed Combat
  2737 | D:4      | Found a staircase to the Ecumenical Temple.
  2746 | D:4      | Noticed Pikel
  2758 | Temple   | Entered the Ecumenical Temple
  2827 | Temple   | Became a worshipper of Ashenzari the Shackled
  2928 | D:4      | Killed Pikel
  2928 | D:4      | Reached skill level 7 in Unarmed Combat
  2928 | D:4      | Reached skill level 5 in Conjurations
  2928 | D:4      | Reached XP level 8. HP: 49/67 MP: 10/10
  3354 | D:5      | Entered Level 5 of the Dungeon
  3544 | D:5      | Reached skill level 8 in Unarmed Combat
  3637 | D:5      | Found a shimmering altar of Xom.
  3637 | D:5      | Found a sacrificial altar of Ru.
  3638 | D:5      | Found a hazy altar of Hepliaklqana.
  3820 | D:6      | Reached XP level 9. HP: 64/74 MP: 11/11
  3829 | D:6      | Noticed KristoblXynda's ghost (novice TrWz)
  3936 | D:6      | Killed KristoblXynda's ghost
  3954 | D:6      | Reached skill level 9 in Unarmed Combat
  4062 | D:6      | Found a glowing golden altar of the Shining One.
  4106 | D:6      | Found Hakuemid's Gadget Emporium.
  4199 | D:6      | Found a basalt altar of Yredelemnul.
  4695 | D:6      | Found a runed door.
  4699 | D:6      | Noticed Crazy Yiuf
  4702 | D:6      | Killed Crazy Yiuf
  4944 | D:7      | Found a white marble altar of Elyvilon.
  5045 | D:7      | Reached * piety under Ashenzari
  5239 | D:8      | Learned a level 6 spell: Freezing Cloud
  5267 | D:8      | HP: 3/74 [ogre/giant club (22)]
  5395 | D:8      | Found an ornate altar of the Wu Jian Council.
  5441 | D:8      | Reached skill level 10 in Unarmed Combat
  5752 | D:8      | Noticed a seven-headed hydra
  5757 | D:8      | Slain by a seven-headed hydra

Vault maps used:
D:1:      dpeg_arrival_tiny_a
D:2:      uniq_terence, uniq_sigmund, uniq_jessica
D:3:      first_ration
D:4:      minmay_temple_entry_junction_2, portal_sewer_entry_d,
          skrybe_limestone_x, minmay_bent, uniq_pikel
D:5:      gammafunk_temple_overflow_claw
D:6:      nicolae_tso_besieged_by_evil, old_standard_altar, serial_shops, shop,
          uniq_crazy_yiuf_cottage
D:7:      elyvilon_altar_3
D:8:      minmay_tri_box, nicolae_overflow_crystal_walls
Temple:   regret_index_temple_waves
Sewer:    sewer_co_15_rooms

Skill      XL: |  1  2  3  4  5  6  7  8  9 |
---------------+----------------------------+-----
Conjurations   | 1 2 3 4 5 6 7 |  7.8
Unarmed Combat | 1 2 4 5 7 8 10 | 10.1
Dodging        | |  1.5
Stealth        | |  1.0
Spellcasting   | |  2.0
Summonings     | |  0.6
Translocations | |  0.6

Action                   |  1- 3 |  4- 6 |  7- 9 || total
-------------------------+-------+-------+-------++-------
Melee: Unarmed           |   130 |   155 |   475 ||   760
       Punch             |       |     2 |     9 ||    11
       Whip              |       |       |     1 ||     1
Throw: Javelin           |       |       |     4 ||     4
 Cast: Magic Dart        |       |       |     6 ||     6
       Mephitic Cloud    |       |       |     2 ||     2
Invok: Curse Item        |       |       |     1 ||     1
  Use: Scroll            |       |     8 |    10 ||    18
       Potion            |       |     1 |     5 ||     6
 Stab: Sleeping          |     2 |     1 |     3 ||     6
  Eat: Chunk             |    10 |    18 |    37 ||    65
       Ration            |       |       |     1 ||     1
Armor: Robe              |    60 |    72 |   182 ||   314
Dodge: Dodged            |    70 |    71 |   237 ||   378

Table legend:
 A = Spawn XP
 B = Non-spawn XP
 C = Spawn XP percentage of total XP
 D = Spawn monster count
 E = Non-spawn monster count
 F = Spawn count percentage of total count
 G = Total turns spent on level
                    A         B        C        D         E        F      G
               +---------+---------+-------+---------+---------+-------+---------
         Total |       0 |    5443 |   0.0 |       0 |     194 |   0.0 |  5757
               +---------+---------+-------+---------+---------+-------+---------
           D:1 |       0 |      26 |   0.0 |       0 |      15 |   0.0 |   791
           D:2 |       0 |     368 |   0.0 |       0 |      27 |   0.0 |   671
           D:3 |       0 |     181 |   0.0 |       0 |      16 |   0.0 |   785
           D:4 |       0 |    1364 |   0.0 |       0 |      26 |   0.0 |   607
           D:5 |       0 |     306 |   0.0 |       0 |      21 |   0.0 |   533
           D:6 |       0 |    1442 |   0.0 |       0 |      37 |   0.0 |   963
           D:7 |       0 |     693 |   0.0 |       0 |      16 |   0.0 |   367
           D:8 |       0 |     685 |   0.0 |       0 |      15 |   0.0 |   540
         Sewer |       0 |     378 |   0.0 |       0 |      21 |   0.0 |   353
               +---------+---------+-------+---------+---------+-------+---------
